 Dungeon Crawl Stone Soup version 0.22.0-6-g71bd7aa6b3 (webtiles) character file.

84 Peloso the Covered (level 4, -5/40 HPs)
             Began as a Minotaur Fighter on Aug 16, 2018.
             Killed by divine providence
             ... invoked by an orc priest
              (11 damage)
             ... on level 2 of the Dungeon.
             The game lasted 00:02:41 (1105 turns).

Peloso the Covered (Minotaur Fighter)               Turns: 1105, Time: 00:02:41

Health: -5/40      AC:  9    Str: 25    XL:     4   Next: 23%
Magic:  3/3        EV:  6    Int:  5    God:
Gold:   84         SH: 10    Dex: 11    Spells: 3/3 levels left

rFire    . . .     SeeInvis .   a - +0 long sword
rCold    . . .     Gourm    +   c - +0 shield
rNeg     . . .     Faith    .   n - +0 chain mail
rPois    .         Spirit   .   (helmet restricted)
rElec    .         Reflect  .   (no cloak)
rCorr    .         Harm     .   (no gloves)
MR       .....                  (no boots)
Stlth    ..........             l - amulet of the gourmand
HPRegen  0.13/turn              (no ring)
MPRegen  0.08/turn              (no ring)

@: mighty
A: retaliatory headbutt, horns 2
a: no special abilities


You were on level 2 of the Dungeon.
You were not hungry.

You visited 1 branch of the dungeon, and saw 2 of its levels.

You collected 84 gold pieces.

Inventory:

Hand Weapons
 a - a +0 long sword (weapon)
Armour
 c - a +0 shield (worn)
 n - a +0 chain mail (worn)
Jewellery
 l - an amulet of the gourmand (around neck)
Scrolls
 g - a scroll of fog {unknown}
 i - a scroll of teleportation {unknown}
 j - a scroll of amnesia {unknown}
 m - a scroll of remove curse {unknown}
Potions
 e - a potion of curing {unknown}
 h - a potion of mutation {unknown}
 k - a potion of lignification {unknown}
Comestibles
 f - 12 rations


   Skills:
 + Level 4.2 Fighting
 + Level 3.2 Long Blades
 + Level 4.3 Armour
 + Level 1.2 Dodging
 + Level 4.3 Shields


You had 3 spell levels left.
You didn't know any spells.
Your spell library was empty.

Dungeon Overview and Level Annotations

Branches:
Dungeon (2/15)

Altars:


Innate Abilities, Weirdness & Mutations

You reflexively headbutt those who attack you in melee.
You have a pair of horns on your head.


Message History

The orc priest is too close now for your liking.
You feel very mighty all of a sudden.
The orc priest shouts!
You hear a shout!
The orc priest mumbles some strange prayers to Beogh against you.
Beogh smites you!
The orc priest invokes the aid of Beogh against you.
Beogh smites you!
* * * LOW HITPOINT WARNING * * *
Your chain mail prevents you from hitting the orc priest.
You headbutt the orc priest.
The orc priest is moderately wounded.
The orc priest hits you but does no damage.
You closely miss the orc priest.
The orc priest is moderately wounded.
The orc priest completely misses you.
You closely miss the orc priest.
The orc priest is lightly wounded.
The orc priest invokes the aid of Beogh against you.
Beogh smites you!
You die...

.... ##.##.#
.#########..##.#
...........###.####
.###...........<...
#.......##.....#
#.......##.###.# ##
#.......##. #..
##.#..###.......##. #.#
......o@.[......##......
##.#.##o.....##.###.#.#.
##....## .# # #...
##..## .. ##.. #### ..
<.. .. ##.# ..


You could see an orc priest and an orc.

Vanquished Creatures
  2 adders (D:2)
  A worm (D:2)
  5 dart slugs
  6 bats
  4 giant cockroaches
  6 goblins
  7 hobgoblins (D:1)
  8 jackals
  A frilled lizard (D:1)
  2 kobolds
  5 rats
47 creatures vanquished.

Notes
Turn   | Place    | Note
-------+----------+-------------------------------------------
     0 | D:1      | Peloso the Minotaur Fighter began the quest for the Orb.
     0 | D:1      | Reached XP level 1. HP: 19/19 MP: 0/0
    65 | D:1      | Reached XP level 2. HP: 13/27 MP: 1/1
   425 | D:1      | Reached XP level 3. HP: 31/33 MP: 2/2
   993 | D:2      | Reached XP level 4. HP: 25/40 MP: 3/3
   996 | D:2      | Reached skill level 1 in Dodging
  1105 | D:2      | Killed from afar by an orc priest

Skill      XL: |  1  2  3  4 |
---------------+-------------+-----
Armour         | 4 |  4.3
Fighting       | 4 |  4.2
Long Blades    | 3 |  3.2
Shields        | 4 |  4.3
Dodging        | 1 |  1.2

Action                   |  1- 3 |  4- 6 || total
-------------------------+-------+-------++-------
Melee: Long sword        |    93 |     6 ||    99
       Headbutt          |    12 |     3 ||    15
  Use: Potion            |       |     1 ||     1
  Eat: Chunk             |     8 |     2 ||    10
Armor: Scale mail        |    54 |       ||    54
       Chain mail        |       |     1 ||     1
Dodge: Dodged            |    56 |     3 ||    59
Block: Shield            |    82 |     3 ||    85
       Rpst.: Long sword |     6 |     1 ||     7
